Map: Rhoskallian LE

Players

maskmarat

  • Race: Protoss Protoss
  • League: Diamond
  • Spawn Location: 5:00

Hahaha

  • Race: Terran Terran
  • League: Platinum
  • Spawn Location: 6:00

Massa - Winner!

  • Race: Terran Terran
  • League: Platinum
  • Spawn Location: 11:00

qqq - Winner!

  • Race: Zerg Zerg
  • Spawn Location: 12:00

VOD

Have the link to the VOD?

Description

Time

  • Played on: Oct. 31, 2020, 9:56 a.m.
  • Length: 18:24
Show
View Real Time Build Order
Export as new Build Order

maskmarat Protoss 

Build Orders: Carriers, Carrier Rush 

Get SALT Encoding   

  12  0:00  Probe  
  13  0:17  Pylon  
  13  0:18  Probe  
  14  0:35  Gateway  
  14  0:36  Probe  
  15  0:48  Probe (Chrono Boost)  
  16  0:55  Assimilator  
  16  1:00  Probe (Chrono Boost), Pylon  
  17  1:06  Probe (Chrono Boost)  
  18  1:12  Gateway  
  18  1:16  Gateway  
  18  1:20  Probe  
  19  1:28  Cybernetics Core  
  19  1:33  Probe  
  19  1:35  Assimilator  
  20  1:46  Probe  
  21  1:59  Probe  
  22  2:11  Stargate  
  22  2:16  Probe  
  23  2:26  Nexus  
  23  2:32  Probe  
  24  2:44  Probe  
  24  2:46  Pylon  
  25  2:56  Probe  
  26  2:59  Fleet Beacon  
  25  3:08  Probe (Chrono Boost)  
  27  3:20  Probe (Chrono Boost)  
  27  3:28  Probe (Chrono Boost)  
  28  3:38  Probe (Chrono Boost)  
  28  3:39  Probe (Chrono Boost)  
  32  3:49  Probe x2 (Chrono Boost)  
  32  3:51  Carrier  
  32  3:54  Probe x2 (Chrono Boost)  
  40  4:00  Stargate  
  40  4:04  Probe  
  40  4:05  Probe  
  42  4:16  Probe  
  43  4:17  Probe  
  43  4:18  Assimilator  
  44  4:24  Probe  
  44  4:29  Probe  
  46  4:32  Probe  
  46  4:35  Protoss Air Weapons Level 1 (Chrono Boost)  
  47  4:41  Probe  
  47  4:43  Probe  
  49  4:47  Assimilator  
  49  4:53  Probe  
  49  4:54  Pylon  
  49  4:58  Pylon  
  50  5:01  Pylon  
  50  5:02  Probe  
  51  5:12  Carrier  
  57  5:19  Probe x2  
  59  5:34  Carrier  
  65  5:36  Probe x2  
  67  5:52  Probe x2  
  67  5:57  Nexus  
  69  5:59  Pylon  
  69  6:01  Pylon  
  69  6:16  Probe  
  69  6:17  Probe  
  71  6:27  Carrier  
  71  6:29  Probe x2 (Chrono Boost)  
  79  6:34  Protoss Air Weapons Level 2 (Chrono Boost)  
  79  6:36  Pylon  
  79  6:41  Probe (Chrono Boost)  
  79  6:42  Probe (Chrono Boost)  
  81  6:49  Probe x2 (Chrono Boost), Carrier  
  89  6:55  Probe x2  
  89  6:56  Assimilator  
  89  7:01  Assimilator  
  91  7:02  Pylon  
  91  7:05  Pylon  
  91  7:09  Probe x2, Pylon  
  91  7:10  Probe  
  91  7:14  Stargate  
  94  7:21  Probe  
  94  7:22  Probe x2  
  95  7:39  Carrier (Chrono Boost)  
  101  7:49  Probe x3  
  104  7:54  Carrier (Chrono Boost)  
  104  7:56  Carrier (Chrono Boost)  
  111  8:07  Probe x2  
  111  8:08  Probe  
  113  8:20  Probe  
  113  8:21  Probe x2  
  116  8:33  Probe  
  117  8:39  Carrier (Chrono Boost)  
  123  8:51  Carrier  
  129  8:58  Carrier  
  135  9:18  Nexus  
  135  9:19  Pylon x2  
  135  9:25  Protoss Air Weapons Level 3 (Chrono Boost)  
  107  9:53  Carrier  
  107  9:55  Carrier  
  75  11:37  Carrier  
  77  11:54  Probe x2 (Chrono Boost)  
  77  12:03  Probe (Chrono Boost)  
  77  12:05  Probe (Chrono Boost)  
  77  12:06  Probe (Chrono Boost)  
  80  12:09  Probe (Chrono Boost)  
  80  12:10  Probe x2 (Chrono Boost)  
  80  12:13  Carrier x2  
  95  12:17  Probe  
  95  12:19  Pylon  
  95  12:20  Probe x2  
  95  12:21  Pylon  
  98  12:29  Probe  
  99  12:32  Probe x2, Assimilator  
  101  12:38  Assimilator  
  101  12:41  Probe  
  99  13:17  Carrier x2  
  93  15:10  Nexus  
  93  15:20  Nexus  
  93  15:22  Pylon  
  93  15:24  Pylon  
  93  15:26  Pylon  
  73  16:22  Probe  
  62  16:34  Probe  
  62  17:10  Pylon  
  62  17:12  Pylon  
  62  17:17  Pylon  
  62  17:20  Pylon  
  62  17:28  Pylon  
Show
View Real Time Build Order
Export as new Build Order

Hahaha Terran 

Build Orders: 2 Factory, Mech 

Get SALT Encoding   

  12  0:03  SCV  
  13  0:15  SCV  
  13  0:19  Supply Depot  
  14  0:27  SCV  
  15  0:41  SCV  
  15  0:42  Barracks  
  16  0:49  Refinery  
  16  0:53  SCV  
  17  1:05  SCV  
  18  1:19  SCV  
  19  1:38  Marine  
  19  1:39  Command Center  
  20  1:43  Orbital Command  
  20  2:10  Barracks Reactor  
  20  2:14  SCV  
  20  2:15  Factory  
  21  2:21  Refinery  
  21  2:26  SCV  
  22  2:38  SCV  
  23  2:50  SCV  
  24  2:51  Orbital Command, Factory  
  24  2:55  Supply Depot  
  24  2:59  Factory Tech Lab  
  24  3:02  SCV, Marine x2  
  27  3:14  SCV  
  28  3:25  Orbital Command  
  28  3:26  Marine x2  
  30  3:28  Siege Tank  
  33  3:39  Refinery  
  33  3:40  Factory Reactor  
  33  3:49  Marine x2  
  35  3:56  Refinery  
  35  3:58  SCV x2  
  37  4:05  Siege Tank  
  40  4:10  SCV x2  
  40  4:15  Supply Depot  
  42  4:20  Marine x2  
  42  4:22  SCV x2  
  46  4:36  Hellion x2  
  46  4:37  Hellion  
  46  4:38  Supply Depot  
  52  4:55  SCV  
  52  4:56  SCV  
  54  5:02  Supply Depot  
  50  5:25  Supply Depot  
  50  5:27  Marine  
  50  5:28  Marine  
  52  5:29  Hellion x3  
  52  5:33  SCV x2  
  60  5:45  SCV x2, Marine x2, Engineering Bay  
  60  5:49  Armory  
  64  5:55  Factory  
  64  5:57  SCV x2  
  63  6:09  SCV x2  
  65  6:21  Terran Infantry Weapons Level 1  
  65  6:24  Missile Turret  
  65  6:33  Supply Depot  
  65  6:51  Thor  
  65  6:53  Hellion x2  
  65  6:54  Infernal Pre-Igniter  
  75  6:56  Command Center  
  75  7:00  Barracks Tech Lab  
  75  7:04  Factory  
  75  7:06  Hellion x2  
  79  7:14  Hellion  
  74  7:34  Siege Tank  
  63  8:02  SCV x2  
  65  8:06  Thor  
  65  8:07  Hellion x4  
  65  8:08  Hellion  
  81  8:14  SCV x2  
  83  8:28  Hellion  
  83  8:39  Command Center  
  83  8:49  Siege Tank  
  83  8:54  Terran Vehicle And Ship Armor Level 1  
  86  9:29  Thor  
  53  9:46  Widow Mine, Hellion x4  
  43  11:03  Thor  
  45  11:20  Hellion x2  
  39  11:46  Thor  
  27  12:14  SCV  
  24  12:28  Orbital Command, Thor  
  30  12:38  Thor  
  36  12:46  SCV x2  
  32  12:59  Terran Vehicle And Ship Armor Level 2  
  32  13:11  Siege Tank  
  35  13:13  Hellion x2  
  14  14:03  Siege Tank  
  14  14:04  Siege Tank  
  14  14:05  Widow Mine x2  
  14  14:06  Widow Mine  
  26  14:23  Orbital Command  
  24  14:26  Widow Mine  
  26  15:02  Orbital Command  
  25  15:32  Thor x2  
  25  15:33  Hellion  
  39  15:38  Hellion x3  
  45  15:55  Hellion  
  47  15:59  Hellion  
  47  16:14  Thor  
  47  16:28  Hellion  
  47  16:29  Widow Mine  
  32  16:49  Widow Mine  
  32  16:50  Widow Mine  
Show
View Real Time Build Order
Export as new Build Order

Massa Terran - Winner!

Build Orders: Gas First Reaper Expand 

Get SALT Encoding   

  12  0:00  SCV  
  13  0:12  SCV  
  14  0:22  Supply Depot  
  14  0:24  SCV  
  15  0:31  Refinery  
  15  0:45  Barracks  
  15  0:46  SCV  
  16  0:58  SCV  
  17  1:10  SCV  
  18  1:22  SCV  
  19  1:32  Reaper  
  20  1:36  Orbital Command  
  20  1:48  Command Center  
  20  2:03  SCV  
  20  2:04  Factory  
  21  2:12  Marine  
  21  2:15  SCV  
  23  2:18  Supply Depot  
  23  2:33  Barracks Reactor  
  23  2:40  SCV  
  23  2:42  Supply Depot  
  24  2:52  SCV, Engineering Bay  
  24  2:55  Starport  
  25  3:04  Orbital Command  
  25  3:08  SCV  
  25  3:09  Factory Tech Lab  
  25  3:11  Marine x2  
  28  3:20  SCV  
  28  3:21  Refinery  
  29  3:29  Widow Mine, Marine x2  
  29  3:32  SCV  
  34  3:35  Refinery  
  34  3:36  SCV  
  35  3:44  SCV, Medivac  
  38  3:48  SCV  
  38  3:51  Widow Mine  
  38  3:54  Marine  
  38  3:55  Marine  
  43  3:56  SCV  
  43  4:00  SCV  
  45  4:08  SCV  
  46  4:12  Marine  
  46  4:13  Marine, Medivac  
  46  4:14  Missile Turret  
  50  4:19  Barracks  
  50  4:23  Missile Turret  
  50  4:35  Missile Turret  
  50  4:45  Missile Turret  
  50  5:02  SCV x2  
  52  5:14  SCV x2  
  52  5:19  Barracks Tech Lab  
  54  5:22  Refinery  
  54  5:24  Barracks  
  54  5:31  Barracks  
  54  5:34  Supply Depot  
  54  5:35  Supply Depot x2  
  54  5:36  Supply Depot  
  54  5:37  Supply Depot  
  54  5:38  Supply Depot  
  54  5:55  Liberator  
  54  5:56  SCV x2, Siege Tank  
  62  6:08  SCV x2  
  62  6:11  Marauder, Stimpack  
  62  6:19  Barracks Reactor  
  62  6:20  Barracks Reactor  
  62  6:23  Marine x2  
  64  6:31  Marine  
  64  6:32  Terran Infantry Weapons Level 1  
  65  6:33  Armory  
  65  6:37  Engineering Bay  
  65  6:39  Starport Reactor  
  65  6:40  Marine x2  
  59  7:57  Marauder, Marine x2  
  59  7:58  Marine x4  
  67  8:01  Thor  
  73  8:11  Terran Infantry Armor Level 1  
  73  8:13  Medivac x2  
  73  8:15  Marine x2  
  73  8:16  Marine x4  
  73  8:18  Marauder  
  82  8:23  Command Center  
  82  8:26  Command Center  
  82  8:28  Terran Infantry Weapons Level 2  
  82  8:32  SCV  
  82  8:33  SCV, Marine x5  
  89  8:40  Marauder  
  91  8:42  Medivac  
  91  8:43  Thor  
  99  8:49  Marine  
  99  8:50  Marine  
  99  8:51  Marine  
  102  9:01  Supply Depot  
  102  9:02  Supply Depot x2  
  102  9:07  Terran Vehicle Weapons Level 1  
  102  9:12  Armory  
  102  9:17  Missile Turret  
  102  9:23  SCV x2, Marauder, Marine x2, Viking x2  
  112  9:26  Supply Depot x2  
  93  9:40  Missile Turret  
  93  9:45  Marauder  
  85  9:49  Marine x6  
  63  9:57  Barracks  
  61  10:05  Marine  
  61  10:07  Marine x6  
  62  10:17  Orbital Command  
  56  10:21  Factory  
  56  10:23  Marine  
  56  10:24  Marine  
  56  10:25  Terran Infantry Armor Level 2, Marine x5  
  63  10:41  Marine  
  64  10:43  Marine x2  
  55  10:59  Marine x3  
  55  11:00  Marine x2  
  55  11:01  Marine x2  
  60  11:05  Combat Shield  
  60  11:13  Barracks Tech Lab  
  60  11:14  Factory Tech Lab  
  60  11:17  Marine x2  
  60  11:18  Marine x3  
  63  11:25  Factory x2  
  60  11:32  Marauder  
  57  11:34  Marine  
  57  11:35  Marine x2  
  57  11:36  Marine x2  
  61  11:53  Marauder  
  63  11:57  Thor  
  63  12:01  SCV  
  69  12:13  SCV  
  70  12:17  Marine  
  70  12:18  Marauder x2, Marine x2  
  77  12:23  Factory Tech Lab x2  
  77  12:24  Concussive Shells  
  77  12:25  SCV  
  78  12:37  SCV  
  78  12:39  Marauder x2  
  78  12:40  Thor  
  89  12:49  SCV  
  90  12:56  Command Center  
  90  13:00  Marine x2  
  90  13:01  Marine x4  
  90  13:04  Thor x2  
  108  13:09  Smart Servos  
  108  13:18  Marine x3  
  108  13:19  Marine x3  
  114  13:21  Terran Vehicle Weapons Level 2  
  114  13:22  Terran Vehicle And Ship Armor Level 1  
  114  13:23  Thor  
  114  13:25  SCV x3  
  123  13:32  Refinery  
  123  13:33  Refinery  
  123  13:36  Marine x4  
  123  13:37  SCV x3, Marine  
  123  13:39  Supply Depot  
  123  13:40  Supply Depot  
  123  13:41  Starport, Supply Depot  
  131  13:49  SCV  
  131  13:54  Marine x3  
  111  14:08  Thor x2  
  109  14:12  Marine x3  
  107  14:28  Orbital Command  
  98  14:35  Supply Depot x2  
  98  14:36  Supply Depot  
  98  14:37  Supply Depot  
  97  14:57  Marine x3  
  100  15:00  Supply Depot  
  100  15:14  Command Center  
  100  15:15  Marine x3  
  100  15:20  SCV x2  
  104  15:33  Marine  
  105  15:50  SCV x2  
  105  15:51  Marine  
  108  16:02  SCV  
  108  16:03  SCV  
  92  16:14  SCV  
  92  16:15  SCV  
  86  16:27  SCV x2  
  88  16:35  Thor x3  
  88  16:39  SCV  
  104  17:04  SCV x2  
  104  17:07  Orbital Command  
  106  17:16  SCV x2  
  106  17:17  Thor  
  106  17:22  Starport  
  114  17:28  SCV x2  
  116  17:40  SCV x2  
Show
View Real Time Build Order
Export as new Build Order

qqq Zerg - Winner!

Build Orders: Hatch First 

Get SALT Encoding   

  12  0:00  Drone  
  13  0:09  Drone  
  14  0:40  Hatchery  
  13  0:45  Drone  
  14  1:00  Spawning Pool  
  13  1:05  Overlord  
  13  1:15  Drone  
  14  1:22  Extractor, Drone  
  14  1:28  Drone  
  14  1:29  Drone  
  16  1:38  Drone  
  17  2:01  Drone, Queen  
  18  2:02  Drone x2  
  18  2:05  Queen  
  24  2:08  Drone  
  24  2:14  Drone  
  26  2:21  Overlord  
  26  2:23  Drone  
  26  2:27  Drone  
  28  2:44  Overlord  
  28  2:45  Zergling x2  
  28  2:46  Drone x2  
  28  2:51  Metabolic Boost  
  31  3:08  Zergling x4  
  31  3:09  Drone x2  
  35  3:13  Drone  
  35  3:14  Zergling x4, Evolution Chamber  
  35  3:15  Drone x3  
  40  3:25  Drone  
  41  3:27  Drone  
  42  3:37  Drone  
  42  3:39  Zergling x2  
  44  3:43  Overlord  
  44  3:46  Hatchery  
  43  3:49  Lair  
  43  3:50  Zergling x2  
  43  3:53  Overlord  
  44  4:06  Drone x2  
  44  4:07  Drone x2  
  44  4:09  Zerg Melee Weapons Level 1, Zergling x4  
  50  4:17  Drone, Extractor  
  50  4:20  Drone  
  51  4:25  Drone  
  51  4:26  Drone  
  51  4:41  Drone x2  
  53  4:53  Drone x3  
  53  4:54  Hydralisk Den  
  53  4:56  Drone, Zergling x2  
  53  4:59  Extractor x2  
  55  5:09  Spore Crawler  
  55  5:10  Spore Crawler  
  53  5:14  Drone  
  53  5:15  Drone x3  
  53  5:17  Queen  
  53  5:20  Hatchery  
  58  5:26  Hydralisk  
  58  5:27  Drone x2  
  58  5:28  Lurker Den  
  61  5:31  Drone x4  
  61  5:33  Hatchery  
  64  5:42  Muscular Augments  
  64  5:43  Hydralisk  
  64  5:46  Overlord x2  
  64  5:47  Overlord  
  64  5:48  Overlord  
  66  6:03  Spore Crawler  
  65  6:04  Extractor  
  65  6:09  Spire  
  63  6:11  Drone  
  63  6:12  Drone x7  
  63  6:13  Drone x2  
  63  6:15  Drone  
  74  6:29  Lurker x2  
  74  6:30  Drone  
  74  6:31  Drone  
  74  6:32  Overlord x2  
  78  6:34  Overlord  
  78  6:35  Spore Crawler  
  77  6:40  Overlord  
  77  6:42  Extractor  
  76  6:50  Drone x2  
  76  6:51  Drone x2  
  76  6:52  Drone x2  
  76  6:54  Queen  
  82  6:55  Drone  
  82  7:00  Hydralisk x2  
  89  7:02  Overlord  
  89  7:04  Drone  
  89  7:05  Drone  
  86  7:31  Drone x3  
  86  7:32  Drone x6  
  86  7:35  Corruptor x5  
  105  7:37  Mutalisk  
  105  7:39  Mutalisk  
  105  7:41  Drone  
  110  7:46  Zerg Ground Armor Level 1  
  110  7:51  Grooved Spines  
  110  7:52  Infestation Pit  
  110  7:54  Drone x2  
  110  7:56  Extractor  
  110  7:57  Spine Crawler  
  109  8:00  Extractor, Spine Crawler, Spore Crawler  
  109  8:01  Drone  
  109  8:02  Drone  
  109  8:04  Spore Crawler  
  109  8:05  Drone x2  
  109  8:14  Corruptor  
  109  8:15  Corruptor x2  
  109  8:17  Corruptor  
  117  8:27  Zerg Flyer Weapons Level 1  
  117  8:28  Mutalisk x2  
  117  8:30  Extractor  
  117  8:34  Hive  
  120  8:35  Drone x6  
  126  8:41  Drone x2  
  126  8:42  Drone x4, Evolution Chamber  
  126  8:46  Extractor  
  130  8:50  Corruptor x2  
  130  8:52  Drone x2  
  130  8:53  Drone  
  137  9:04  Mutalisk  
  137  9:05  Corruptor  
  137  9:07  Drone  
  137  9:08  Overlord x5  
  137  9:09  Overlord  
  122  9:39  Corruptor  
  122  9:40  Corruptor x5  
  122  9:41  Corruptor x2  
  122  9:43  Drone x7  
  122  9:44  Drone x4  
  138  10:00  Hatchery, Corruptor x3  
  138  10:03  Corruptor  
  138  10:04  Corruptor  
  130  10:27  Ultralisk Cavern  
  118  10:34  Corruptor x3  
  113  10:36  Zergling x8  
  113  10:37  Zergling x10  
  105  10:54  Drone x2  
  99  11:01  Viper  
  99  11:02  Viper  
  99  11:04  Zergling x8  
  86  11:21  Zergling x6  
  86  11:22  Zergling x4  
  86  11:24  Zergling x4  
  86  11:25  Zergling x2  
  92  11:36  Ultralisk  
  92  11:37  Ultralisk  
  92  11:39  Hatchery  
  92  11:55  Hatchery  
  92  12:00  Ultralisk  
  88  12:01  Zergling x6  
  88  12:02  Zergling x6  
  91  12:16  Hatchery, Drone x6  
  96  12:34  Lair  
  83  12:55  Ultralisk  
  83  12:57  Zergling x6, Ultralisk x2  
  83  12:58  Drone x6  
  107  13:01  Drone  
  107  13:04  Drone  
  112  13:18  Drone x5  
  112  13:20  Spore Crawler  
  112  13:22  Spore Crawler  
  112  13:23  Spore Crawler  
  112  13:24  Spore Crawler x2  
  112  13:25  Spore Crawler  
  112  13:26  Drone, Spore Crawler x3  
  84  13:27  Drone x2  
  61  13:47  Ultralisk x2  
  61  13:48  Zergling x10  
  76  13:53  Anabolic Synthesis  
  77  13:55  Drone  
  77  13:59  Drone  
  73  14:24  Ultralisk  
  73  14:25  Ultralisk  
  85  14:44  Lair  
  66  14:46  Drone  
  66  14:47  Drone x3  
  66  14:49  Overlord x2  
  70  15:13  Drone  
  70  15:14  Drone x8  
  73  15:15  Drone  
  73  15:16  Spine Crawler  
  73  15:17  Spore Crawler  
  73  15:20  Spine Crawler  
  75  15:23  Drone x2  
  77  15:30  Drone x3  
  76  15:44  Zergling x4  
  76  15:45  Drone, Zergling x2  
  80  15:56  Spore Crawler  
  80  15:57  Spore Crawler  
  78  15:59  Spore Crawler  
  78  16:00  Spore Crawler  
  78  16:01  Spore Crawler x5  
  78  16:03  Overlord  
  53  16:29  Zergling x6  
  53  16:30  Drone x2  
  53  16:31  Drone x4  
  47  16:41  Hatchery  
  35  17:06  Drone x6  
  35  17:22  Spawning Pool  
  34  17:32  Spawning Pool  
  33  17:57  Hatchery  
Tags
 
Add a new tag
Caveats
  • Supply blocks, unpowered buildings, or Contaminate may cause inaccurate times.
  • Supply counts are checked every 10 seconds.